 Dungeon Crawl Stone Soup version 0.24-a0-388-gb57f36d6e0 (webtiles) character file.

Game seed: 3254462103451058510

100 Aksej the Chopper (level 4, 0/34 HPs)
             Began as a Demonspawn Gladiator on June 4, 2019.
             Was an Initiate of Ru.
             Slain by a leopard gecko (3 damage)
             ... on level 3 of the Dungeon.
             The game lasted 00:12:12 (1656 turns).

Aksej the Chopper (Demonspawn Gladiator)            Turns: 1656, Time: 00:12:13

Health: 0/34       AC:  4    Str: 13 (14) XL:     4   Next: 46%
Magic:  4/4        EV: 13    Int:  8 (10) God:    Ru [......]
Gold:   165        SH:  0    Dex: 13 (15) Spells: 3/3 levels left

rFire    . . .     SeeInvis .   a - +1 war axe
rCold    + . .     Gourm    .   (no shield)
rNeg     . . .     Faith    .   q - +0 leather armour {rPois}
rPois    +         Spirit   .   c - +0 helmet
rElec    .         Reflect  .   (no cloak)
rCorr    .         Harm     .   (no gloves)
MR       .....                  (no boots)
Stlth    ++........             (no amulet)
HPRegen  0.11/turn              (no ring)
MPRegen  0.09/turn              (no ring)

@: lethally poisoned (0 -> -2)
A: cold resistance 1, nightstalker 1
a: Renounce Religion


You were on level 3 of the Dungeon.
You worshipped Ru.
Ru was noncommittal.
You were not hungry.

You visited 1 branch of the dungeon, and saw 3 of its levels.

You collected 165 gold pieces.

Inventory:

Hand Weapons
 a - a +1 war axe (weapon)
Missiles
 d - 3 throwing nets (quivered)
Armour
 c - a +0 helmet (worn)
 q - a +0 leather armour of poison resistance (worn)
Jewellery
 h - an uncursed ring of fire {unknown}
 m - an uncursed ring of protection from magic {unknown}
Scrolls
 b - a scroll of immolation
 e - a scroll of fog
 k - a scroll of remove curse
 n - a scroll of fear
Potions
 i - a potion of brilliance
 o - 2 potions of magic
Comestibles
 f - 6 rations
 g - 6 chunks of flesh


   Skills:
 * Level 2.4 Fighting
 * Level 3.9 Axes
 + Level 1.9 Throwing
 + Level 0.7 Armour
 * Level 3.1 Dodging
 + Level 0.7 Stealth


You had 3 spell levels left.
You didn't know any spells.
Your spell library was empty.

Dungeon Overview and Level Annotations

Branches:
Dungeon (3/15)

Altars:
Elyvilon
Gozag
Makhleb
Ru
Uskayaw
Wu Jian

Annotations:
D:3 1 runed translucent door, Crazy Yiuf


Innate Abilities, Weirdness & Mutations

Your flesh is cold resistant. (rC+)
You are slightly more attuned to the shadows.


Message History

You feel sick.
The leopard gecko hisses angrily.
The leopard gecko bites you.
* * * LOW HITPOINT WARNING * * *
You hit the leopard gecko.
The leopard gecko is almost dead.
The leopard gecko barely misses you. The leopard gecko bites you.
* * * LOW HITPOINT WARNING * * *
You miss the leopard gecko.
The leopard gecko is almost dead.
You feel sick. The leopard gecko bites you.
* * * LOW HITPOINT WARNING * * *
You miss the leopard gecko.
The leopard gecko is almost dead.
The leopard gecko barely misses you.
The leopard gecko completely misses you.
You closely miss the leopard gecko.
The leopard gecko is almost dead.
The leopard gecko bites you.
You die...

#######.#.#.############## ##..#
#.........#.<##..........####....
#.#####.#.#..##............##...#
#.# #!#.(................##..##
..# #.###..#..............÷....
..# #......#............÷######
..# #.####.#.............###.##
..#####.# ..#..l..........##.#.#
#.......# ###..@..........#.#.#^
#..####.# #..............#...#
#.......# #.............#.....
#.......# #.##########..#.≈≈≈.
#.......# #.# #.#≈...≈ #.......#
#.###### #.#≈._.≈ #.......#
#......# #.#≈...≈ #.......#
#...[..# #.#.≈≈≈. #.......#
##......# #.#.....


You could see a leopard gecko.

Vanquished Creatures
  3 adders
  An ooze (D:1)
  3 dart slugs
  2 leopard geckos (D:3)
  An orc (D:3)
  6 bats
  9 goblins
  5 hobgoblins
  6 jackals
  6 kobolds
  A ball python (D:1)
  4 frilled lizards
  A quokka skeleton (D:3)
  10 rats
58 creatures vanquished.

Notes
Turn   | Place    | Note
-------+----------+-------------------------------------------
     0 | D:1      | Aksej the Demonspawn Gladiator began the quest for the Orb.
     0 | D:1      | Reached XP level 1. HP: 16/16 MP: 1/1
    56 | D:1      | Gained mutation: You are slightly more attuned to the
                  | shadows. [demonic ancestry]
    56 | D:1      | Reached XP level 2. HP: 7/22 MP: 2/2
   165 | D:1      | You fall into a shaft and drop 1 floor!
   175 | D:2      | Found a white marble altar of Elyvilon.
   345 | D:1      | Reached XP level 3. HP: 13/27 MP: 3/3
  1097 | D:3      | Found an ornate altar of the Wu Jian Council.
  1101 | D:3      | Found a hide-covered altar of Uskayaw.
  1107 | D:3      | Found a sacrificial altar of Ru.
  1111 | D:3      | Found an opulent altar of Gozag.
  1210 | D:3      | Became a worshipper of Ru the Awakened
  1244 | D:3      | Found a burning altar of Makhleb.
  1300 | D:3      | Gained mutation: Your flesh is cold resistant. (rC+)
                  | [demonic ancestry]
  1300 | D:3      | Reached XP level 4. HP: 34/34 MP: 4/4
  1572 | D:3      | Found a runed translucent door.
  1573 | D:3      | Noticed Crazy Yiuf
  1590 | D:3      | Found a sacrificial altar of Ru.
  1656 | D:3      | Slain by a leopard gecko

Levels and vault maps discovered:
D:1:      wander_arrival_estate, layout_basic
D:2:      layout_rooms, elyvilon_altar_1
D:3:      layout_basic, lemuel_doored_altar, minitemple,
          nicolae_ru_awakened_eye, uniq_crazy_yiuf_cottage

Skill      XL: |  1  2 |
---------------+-------+-----
Axes           | 3 |  3.9
Dodging        | 3 |  3.1
Fighting       | |  2.4
Throwing       | |  1.9
Armour         | |  0.7
Stealth        | |  0.7

Action                   |  1- 3 |  4- 6 || total
-------------------------+-------+-------++-------
Melee: War axe           |    99 |    57 ||   156
  Use: Scroll            |    10 |     1 ||    11
       Potion            |       |     4 ||     4
 Stab: Sleeping          |     8 |     1 ||     9
  Eat: Chunk             |     1 |     2 ||     3
Armor: Leather armour    |    27 |    15 ||    42
       Skin              |       |     2 ||     2
Dodge: Dodged            |    65 |    55 ||   120

Table legend:
 A = Non-vault XP
 B = Vault XP
 C = Vault XP percentage of total XP
 D = Non-vault monster count
 E = Vault monster count
 F = Vault count percentage of total count
                 A         B        C        D         E       F
            +---------+---------+-------+---------+---------+-------
      Total |     143 |       0 |   0.0 |      58 |       0 |   0.0
            +---------+---------+-------+---------+---------+-------
        D:1 |      54 |       0 |   0.0 |      27 |       0 |   0.0
        D:2 |      25 |       0 |   0.0 |       9 |       0 |   0.0
        D:3 |      64 |       0 |   0.0 |      22 |       0 |   0.0
            +---------+---------+-------+---------+---------+-------
